 Dungeon Crawl Stone Soup version 0.32-a0-841-g4648e6c457 (webtiles) character file.

Game seed: 6291081642682605368

30968 Yohl the Destroyer (level 13, -1/103 HPs)
             Began as a Yellow Draconian Conjurer on Mar 26, 2024.
             Was an Elder of Sif Muna.
             Slain by a seven-headed hydra (9 damage)
             ... on level 5 of the Lair of Beasts.
             The game lasted 01:11:33 (23749 turns).

Yohl the Destroyer (Yellow Draconian Conjurer)     Turns: 23749, Time: 01:11:34

Health: -1/103     AC:  9    Str: 10    XL:     13   Next: 23%
Magic:  27/27      EV: 13    Int: 29    God:    Sif Muna [****..]
Gold:   1094       SH:  0    Dex: 10    Spells: 12/33 levels left

rFire   . .          .
                       - Unarmed
rCold   . . .        (no shield)
rNeg    . . .        (body armour unavailable)
rPois   +            (helmet restricted)
rElec   .            L - +0 cloak
rCorr   +            (no gloves)
SInv    .            (no boots)
Will    .....        (no amulet)
Stlth   +++          h - ring of poison resistance
HPRegen 0.37/turn    K - +6 ring of intelligence
MPRegen 0.20/turn

%: no passive effects
@: lethally poisoned (-1 -> -8)
A: caustic breath, AC +8, unfitting armour, cold-blooded, acid resistance
a: Caustic Breath, Renounce Religion, Channel Magic, Forget Spell, Divine
Exegesis


You were on level 5 of the Lair of Beasts.
You worshipped Sif Muna.
Sif Muna was greatly pleased with you.
You visited 3 branches of the dungeon, and saw 16 of its levels.
You also visited: Ossuary and Bailey.

You collected 1094 gold pieces.

Inventory:

Armour
 L - a +0 cloak (worn)
Jewellery
 h - a ring of poison resistance (left hand)
 C - a ring of flight
 G - a ring of protection from fire
 I - a ring of wizardry
 K - a +6 ring of intelligence (right hand)
 M - a +5 ring of evasion
 P - an amulet of magic regeneration
Wands
 j - a wand of flame (24)
 v - a wand of paralysis (15)
 w - a wand of polymorph (13)
 y - a wand of quicksilver (19)
 B - a wand of mindburst (5)
 N - a wand of roots (2)
Scrolls
 a - a scroll of butterflies {unknown}
 b - a scroll of acquirement {unknown}
 d - 5 scrolls of brand weapon {unknown}
 f - 3 scrolls of fog
 g - a scroll of enchant weapon {unknown}
 i - 3 scrolls of teleportation
 m - 2 scrolls of silence {unknown}
 n - 2 scrolls of vulnerability {unknown}
 p - 2 scrolls of immolation {unknown}
 q - a scroll of fear {unknown}
 s - 2 scrolls of poison {unknown}
 t - 3 scrolls of revelation {unknown}
 D - 3 scrolls of amnesia {unknown}
 J - a scroll of identify
 O - a scroll of enchant armour {unknown}
Potions
 c - 3 potions of brilliance
 e - 2 potions of haste
 k - 3 potions of curing
 l - a potion of mutation {unknown}
 o - 6 potions of enlightenment
 r - a potion of heal wounds
 u - a potion of cancellation {unknown}
 x - 2 potions of lignification {unknown}
 z - a potion of resistance {unknown}
 A - 3 potions of invisibility {unknown}
 E - a potion of attraction {unknown}
 F - a potion of might {unknown}
Miscellaneous
 H - a phial of floods


   Skills:
 + Level 6.4 Fighting
 + Level 8.1 Dodging
 + Level 5.2 Stealth
 + Level 11.1 Unarmed Combat
 + Level 10.5 Spellcasting
 + Level 11.2 Conjurations
 + Level 3.3 Translocations
 + Level 3.1 Fire Magic
 + Level 2.6 Earth Magic
 + Level 1.8 Invocations
 + Level 0.2 Evocations


You had 12 spell levels left.
You knew the following spells:

 Your Spells              Type           Power      Damage    Failure   Level
a - Magic Dart            Conj           100%       1d8       1%          1
b - Searing Ray           Conj           100%       2d8       1%          2
c - Iskenderun's Mystic   Conj/Tloc      55%        2d12      1%          4
d - Iskenderun's Battles  Conj           69%        2d12      1%          5
e - Brom's Barrelling Bo  Conj/Erth      53%        2d7       1%          4
f - Fireball              Conj/Fire      27%        3d12      4%          5

Your spell library contained the following spells:

 Spells                   Type           Power      Damage    Failure   Level
 Sting                    Conj/Alch      100%       1d9       1%          1
 Blink                    Tloc           68%        N/A       1%          2
 Dazzling Flash           Conj/Hex       94%        N/A       1%          3
 Mephitic Cloud           Conj/Alch/Air  37%        N/A       2%          3
 Volatile Blastmotes      Fire/Tloc      68%        2d15      2%          3
 Fulminant Prism          Conj/Alch      23%        3d12      3%          4
 Call Imp                 Summ           30%        N/A       5%          2
 Mercury Vapours          Alch/Air       30%        N/A       5%          2
 Orb of Destruction       Conj           34%        9d10      30%         7
 Olgreb's Toxic Radiance  Alch           15%        N/A       34%         4
 Conjure Ball Lightning   Conj/Air       23%        3x3d6     47%         6
 Curse of Agony           Necr           15%        N/A       69%         5
 Silence                  Hex/Air        7%         N/A       69%         5


Dungeon Overview and Level Annotations

Branches:
Dungeon (10/15)            Temple (1/1) D:7            Lair (5/5) D:8
  Swamp (0/4) Lair:3       Spider (0/4) Lair:3      Ossuary (visited)
 Bailey (visited)
  Slime: Lair:4-5       Orc: D:9-12

Altars:
Ashenzari
Cheibriados
Dithmenos
Elyvilon
Fedhas
Gozag
Hepliaklqana
Kikubaaqudgha
Makhleb
Nemelex Xobeh
Okawaru
Qazlal
Ru
Sif Muna
Trog
Uskayaw
Vehumet
Wu Jian
Xom
Yredelemnul
Zin
The Shining One

Shops:
D:5 *

Annotations:
D:7 Jeremiah; Maggie
Lair:5 Sonja


Innate Abilities, Weirdness & Mutations

You can breathe corrosive fumes.
Your golden yellow scales are hard. (AC +8)
You cannot fit into any form of body armour.
You are cold-blooded and may be slowed by cold attacks.
You are resistant to acid. (rCorr)


Message History

The seven-headed hydra barely misses you.
A cane toad comes into view.
Sonja hits you with a +2 dagger of venom!
Sonja hits you but does no damage.
Sonja hits you with a +2 dagger of venom.
The water moccasin misses you.
The blink frog hits you but does no damage.
The seven-headed hydra bites you but does no damage.
The seven-headed hydra bites you! The seven-headed hydra bites you. x2
The seven-headed hydra closely misses you.
The seven-headed hydra bites you!
* * * LOW HITPOINT WARNING * * *
The seven-headed hydra barely misses you.
The blink frog blinks!
Sonja barely misses you. Sonja hits you but does no damage. x2
You are poisoned.
The water moccasin bites you but does no damage.
There is a stone staircase leading up, spattered with blood here.
Okay, then.
Unknown command.
Okay, then.
Unknown command.
Okay, then.
Level annotation: Sonja Welcome back, Yohl the Yellow Draconian Conjurer.
Sif Muna whispers: I know many secrets...
Press ? for a list of commands and other information.
You feel very sick.
The wyvern hisses angrily.
The water moccasin bites you but does no damage.
The blink frog blinks!
Sonja hits you with a +2 dagger of venom.
* * * LOW HITPOINT WARNING * * *
Sonja hits you but does no damage. Sonja closely misses you.
The seven-headed hydra bites you.
* * * LOW HITPOINT WARNING * * *
The seven-headed hydra bites you.
* * * LOW HITPOINT WARNING * * *
The seven-headed hydra bites you!
You die...

....#..P...#...
........... ...
.....#.F...P...
.......k.ยง.....
...P..P..#P....
...............
......KDY......
P......@....#
......S........
...............
...............
...............
..$............
...............
...............


You could see a seven-headed hydra, a yak, a cane toad (wandering), Sonja, a
water moccasin and a wyvern.

Vanquished Creatures
  Nessos (Lair:4)
  6 death yaks (Lair:4)
  2 hydras
  A two-headed ogre (D:6)
  A skyshark (Lair:4)
  A bog body (Lair:3)
  A wolf spider (Lair:3)
  An orc knight (Bailey)
  5 elephants
  2 black mambas
  A gargoyle (D:6)
  9 cane toads
  4 komodo dragons
  A rime drake (Lair:2)
  An unseen horror (D:9)
  4 polar bears (Lair:3)
  A hornet (D:8)
  20 blink frogs
  5 dream sheep (Lair:2)
  4 basilisks
  2 wyverns
  20 yaks
  Grum (D:8)
  A redback (Lair:3)
  3 steam dragons
  The ghost of 1Anon the Apothecary, an amateur GnAl (D:4)
  Menkaure (Ossuary)
  5 water moccasins
  Duvessa (D:6)
  2 ice beasts
  A sky beast (D:8)
  3 black bears
  8 orc warriors
  2 ogres (D:6)
  7 wolves
  A centaur (D:6)
  A kobold brigand (D:10)
  14 bullfrogs
  13 wights
  Dowan (D:6)
  6 killer bees (D:9)
  3 howler monkeys (D:9)
  2 jellies
  7 orc priests
  3 bombardier beetles
  4 hounds
  2 gnoll boudas
  5 iguanas
  2 sleepcaps
  12 orc wizards
  4 mummies
  16 gnolls
  8 adders
  2 white imps
  2 dart slugs
  2 ribbon worms
  26 orcs
  7 ball pythons
  8 bats
  8 endoplasms
  2 giant cockroaches
  7 goblins
  9 hobgoblins
  4 jackals (D:1)
  5 quokkas
  7 frilled lizards
  7 gnoll skeletons (Ossuary)
  5 gnoll zombies (Ossuary)
  A goblin skeleton (Ossuary)
  7 goblin zombies
  3 hobgoblin skeletons (Ossuary)
  6 hobgoblin zombies (Ossuary)
  23 kobolds
  6 kobold skeletons (Ossuary)
  5 kobold zombies
  4 orc skeletons (Ossuary)
  2 orc zombies (Ossuary)
  2 rats (D:1)
  4 rat skeletons (Ossuary)
  2 rat zombies (Ossuary)
399 creatures vanquished.

Vanquished Creatures (others)
  An orc wizard (D:5)
1 creature vanquished.

Grand Total: 400 creatures vanquished

Notes
Turn   | Place    | Note
-------+----------+-------------------------------------------
     0 | D:1      | Yohl the Draconian Conjurer began the quest for the Orb.
     0 | D:1      | Reached XP level 1. HP: 14/14 MP: 3/3
   134 | D:1      | Reached XP level 2. HP: 6/20 MP: 0/5
   137 | D:1      | Learned a level 2 spell: Searing Ray
   894 | D:1      | Reached XP level 3. HP: 25/26 MP: 2/6
  1258 | D:2      | Reached skill level 1 in Unarmed Combat
  1258 | D:2      | Reached XP level 4. HP: 5/34 MP: 4/7
  2187 | D:3      | Found a hide-covered altar of Uskayaw.
  2418 | D:3      | Reached skill level 1 in Fighting
  2542 | D:3      | Reached skill level 5 in Conjurations
  2542 | D:3      | Reached XP level 5. HP: 26/40 MP: 2/9
  3298 | D:4      | Found a runed translucent gate.
  3299 | D:4      | Found a runed translucent gate.
  3299 | D:4      | Found a runed translucent gate.
  3301 | D:4      | Noticed 1Anon's ghost (amateur GnAl)
  3572 | D:4      | Found a sand-covered staircase.
  3580 | D:4      | Reached XP level 6. HP: 18/47 MP: 1/10
  3582 | Ossuary  | Entered an ossuary
  4134 | Ossuary  | Noticed Menkaure
  4140 | Ossuary  | Killed Menkaure
  4494 | D:4      | Found an ancient bone altar of Kikubaaqudgha.
  4566 | D:4      | Found a hazy altar of Hepliaklqana.
  4779 | D:5      | Entered Level 5 of the Dungeon
  4870 | D:5      | Your scales start taking on a golden yellow colour.
  4870 | D:5      | Reached XP level 7. HP: 52/52 MP: 3/11
  4870 | D:5      | Gained mutation: You are resistant to acid. (rCorr) [Yellow
                  | Draconian growth]
  5143 | D:5      | Found Liragaoj's Overcharged Wands.
  5869 | D:6      | Reached skill level 5 in Unarmed Combat
  6128 | D:6      | Reached XP level 8. HP: 61/61 MP: 4/13
  6216 | D:6      | Noticed a two-headed ogre
  6372 | D:6      | Noticed a gargoyle
  6387 | D:6      | Killed a gargoyle
  6854 | D:6      | Noticed Duvessa
  7685 | D:7      | Reached XP level 9. HP: 68/68 MP: 8/16
  7735 | D:7      | Reached skill level 5 in Spellcasting
  7999 | D:7      | Noticed Maggie
  8084 | D:7      | Found a sacrificial altar of Ru.
  8099 | D:7      | Noticed Jeremiah
  8278 | D:7      | Found a staircase to the Ecumenical Temple.
  8287 | Temple   | Entered the Ecumenical Temple
  8342 | Temple   | Prayed at the altar of an unknown god.
  8342 | Temple   | Became a worshipper of Sif Muna the Loreminder
  8342 | Temple   | Reached * piety under Sif Muna
  8490 | D:6      | Killed a two-headed ogre
  8761 | D:6      | Noticed Dowan
  8764 | D:6      | Killed Duvessa
  8769 | D:6      | Killed Dowan
  8944 | D:4      | Killed 1Anon's ghost
  9228 | D:8      | Reached skill level 5 in Dodging
  9589 | D:8      | Reached XP level 10. HP: 69/74 MP: 7/20
  9695 | D:8      | Found a staircase to the Lair.
  9812 | D:8      | Reached ** piety under Sif Muna
  9980 | D:8      | Noticed Grum
  9995 | D:8      | Killed Grum
 10379 | D:8      | Found a faded altar of an unknown god.
 10379 | D:8      | Found a shimmering blue altar of Sif Muna.
 10398 | D:8      | Found a faded altar of an unknown god.
 10400 | D:8      | Found a white marble altar of Elyvilon.
 10402 | D:8      | Found a bloodstained altar of Trog.
 11757 | D:9      | Found an ornate altar of the Wu Jian Council.
 11803 | D:9      | Found a flagged portal.
 11810 | Bailey   | Entered a bailey
 11840 | Bailey   | Learned a level 4 spell: Iskenderun's Mystic Blast
 12329 | Bailey   | Learned a level 5 spell: Iskenderun's Battlesphere
 12334 | Bailey   | Learned a level 4 spell: Brom's Barrelling Boulder
 12345 | Bailey   | Noticed an orc knight
 12378 | Bailey   | Killed an orc knight
 12874 | D:9      | Found an iron altar of Okawaru.
 12970 | D:9      | Reached *** piety under Sif Muna
 13751 | D:9      | Reached XP level 11. HP: 53/84 MP: 4/23
 13935 | D:9      | Found a broken altar of Ashenzari.
 14022 | D:10     | Entered Level 10 of the Dungeon
 14116 | D:10     | Found a snail-covered altar of Cheibriados.
 14330 | D:10     | Reached skill level 1 in Earth Magic
 14658 | D:10     | Noticed a centaur warrior
 14658 | D:10     | Noticed an occultist
 14985 | Lair:1   | Entered Level 1 of the Lair of Beasts
 16887 | Lair:2   | Reached skill level 5 in Stealth
 17159 | Lair:2   | You fall into a shaft and drop 1 floor!
 17159 | Lair:3   | Noticed a bog body
 17159 | Lair:3   | Found a staircase to the Swamp.
 17170 | Lair:3   | Killed a bog body
 17337 | Lair:3   | Reached skill level 1 in Translocations
 17341 | Lair:3   | Reached skill level 5 in Fighting
 18041 | Lair:3   | Learned a level 5 spell: Fireball
 18150 | Lair:3   | Reached **** piety under Sif Muna
 18151 | Lair:3   | Reached skill level 10 in Conjurations
 18570 | Lair:2   | Reached XP level 12. HP: 94/94 MP: 18/25
 18837 | Lair:2   | Reached skill level 10 in Unarmed Combat
 18837 | Lair:2   | Reached skill level 1 in Fire Magic
 19330 | Lair:3   | Noticed an eight-headed hydra
 19337 | Lair:3   | Killed an eight-headed hydra
 20208 | Lair:3   | Found a hole to the Spider Nest.
 22329 | Lair:4   | Noticed a death yak
 22330 | Lair:4   | Noticed a death yak
 22391 | Lair:4   | Reached skill level 10 in Spellcasting
 22614 | Lair:4   | Noticed Nessos
 22621 | Lair:4   | Killed Nessos
 22870 | Lair:4   | Noticed a death yak
 22873 | Lair:4   | Noticed a death yak
 22879 | Lair:4   | Noticed a death yak
 22908 | Lair:4   | Killed a death yak
 22909 | Lair:4   | Reached XP level 13. HP: 103/103 MP: 14/27
 23259 | Lair:4   | Reached skill level 1 in Invocations
 23600 | Lair:5   | Entered Level 5 of the Lair of Beasts
 23600 | Lair:5   | Noticed Sonja
 23749 | Lair:5   | Slain by a seven-headed hydra

Illustrated notes

Levels and vault maps discovered:
D:1:      psy_arrival_whirlpool, layout_loops_cross
D:2:      layout_loops_ring, kennysheep_boxes
D:3:      layout_basic, nicolae_uskayaw_murder_on_the_dancefloor
D:4:      layout_gridville, mainiacjoe_overflow_paths,
          worldfamousw_hep_ancestral_shrine, ebering_ghost_rock_garden,
          nicolae_ossuary_entry_giza
D:5:      layout_basic, nicolae_shop_overcharged_wands
D:6:      layout_gridville, uniq_duvessa
D:7:      layout_cave_pools, nicolae_ru_awakened_eye,
          minmay_temple_entry_junction_2, serial_shops, kennysheep_mini_moat,
          uniq_jeremiah, uniq_maggie
D:8:      layout_basic, chequers_temple_overflow_minitemple, dpeg_lair_monsters,
          uniq_grum
D:9:      layout_loops_ring, marbit_many_paths,
          mainiacjoe_overflow_surrounded_room, kennysheep_okawaru_gauntlet,
          enter_bailey_2
D:10:     layout_gridville, kennysheep_slug_shrine, minivault_20,
          minmay_guarded_unrand_resistance
Temple:   chequers_temple_sunken
Lair:1:   layout_small_grid, st_stairs_6, grunt_megastairs_3
Lair:2:   layout_roguey, grunt_megastairs_1, serial_bayou_shore_b
Lair:3:   layout_cave_pods, skrybe_swamp_entry_bodies,
          spider_nest_entry_funnel_web, beast_lair_carwin_1
Lair:4:   layout_regular_city, lemuel_fruit_fields, serial_bayou_shore_b,
          uniq_nessos
Lair:5:   grunt_lair_end_beastmaster, layout_long_grid,
          dpeg_slime_entry_enclosed, uniq_sonja

Skill      XL: |  1  2  3  4  5  6  7  8  9 10 11 12 13 |
---------------+----------------------------------------+-----
Dodging        | 2 3 4 5 6 7 8 |  8.1
Unarmed Combat | 1 2 4 5 7 8 9 11 | 11.1
Stealth        | 2 3 4 5 |  5.2
Fighting       | 1 2 4 5 6 |  6.4
Conjurations   | 5 6 8 9 10 11 | 11.2
Spellcasting   | 3 4 6 8 9 10 | 10.5
Earth Magic    | 2 |  2.6
Translocations | 1 2 3 |  3.3
Fire Magic     | 2 3 |  3.1
Invocations    | 1 |  1.8
Evocations     | |  0.2

Action                     |  1- 3 |  4- 6 |  7- 9 | 10-12 | 13-15 || total
---------------------------+-------+-------+-------+-------+-------++-------
  Melee: Unarmed           |   120 |   299 |    68 |   372 |     8 ||   867
         Tailslap          |     4 |    49 |     6 |    63 |     1 ||   123
         Punch             |     2 |     9 |     2 |    31 |       ||    44
   Cast: Magic Dart        |    38 |    61 |    43 |    56 |       ||   198
         Searing Ray       |     6 |    13 |    64 |   107 |       ||   190
         Brom's Barrelling |       |       |       |    19 |     1 ||    20
         Iskenderun's Batt |       |       |       |    14 |     1 ||    15
         Iskenderun's Myst |       |       |       |    31 |    17 ||    48
         Fireball          |       |       |       |    43 |    13 ||    56
 Invoke: Channel Magic     |       |       |       |     1 |     3 ||     4
Ability: Caustic Breath    |       |       |     6 |    12 |       ||    18
  Evoke: Phial of floods   |       |       |       |     1 |       ||     1
    Use: Potion            |     1 |       |       |    10 |       ||    11
         Scroll            |       |     7 |     1 |     6 |       ||    14
   Stab: Sleeping          |     1 |     2 |       |       |       ||     3
 Armour: Skin              |    91 |   208 |   100 |   444 |    45 ||   888
  Dodge: Dodged            |    69 |   173 |    59 |   366 |    21 ||   688

Table legend: (Time is in decaauts)
 A = Elapsed time spent in this place.
 B = Non-inter-level travel time spent in this place.
 C = Inter-level travel time spent in this place.
 D = Time resting spent in this place.
 E = Time spent auto-exploring this place.
 F = Levels seen in this place.
 G = Mean time per level.
                   A        B        C        D        E       F      G
               +--------+--------+--------+--------+--------+-----+--------+
         Total |  23692 |  22685 |   1007 |   4503 |  13054 |  18 | 1316.2 |
       Dungeon |  13201 |  12349 |    852 |   1483 |   7781 |  10 | 1320.1 |
        Temple |     89 |     89 |      0 |      0 |      0 |   1 |   89.0 |
          Lair |   8726 |   8571 |    155 |   2549 |   4863 |   5 | 1745.2 |
       Ossuary |    862 |    862 |      0 |    133 |    263 |   1 |  862.0 |
        Bailey |    812 |    812 |      0 |    338 |    146 |   1 |  812.0 |
               +--------+--------+--------+--------+--------+-----+--------+

Top non-repeatable levels by time:
  Lair:3: 3277 daAuts
     D:8: 2390 daAuts
  Lair:4: 2101 daAuts
     D:6: 2007 daAuts
     D:9: 1854 daAuts
  Lair:2: 1832 daAuts
  Lair:1: 1509 daAuts
     D:7: 1175 daAuts
     D:3: 1139 daAuts
     D:1: 1067 daAuts
     D:5: 1008 daAuts
     D:2: 1006 daAuts
     D:4: 873 daAuts
 Ossuary: 862 daAuts
  Bailey: 812 daAuts
